 Dungeon Crawl Stone Soup version 0.27-a0-931-g5a74e75d8f (webtiles) character file.

Game seed: 17311749785509385764

151 Alarkh the Ruffian (level 5, -6/41 HPs)
             Began as a Demonspawn Gladiator on Apr 10, 2021.
             Asphyxiated
             ... on level 3 of the Dungeon.
             The game lasted 00:02:36 (2280 turns).

Alarkh the Ruffian (Demonspawn Gladiator)           Turns: 2280, Time: 00:02:36

Health: -6/41      AC:  4    Str: 15    XL:     5   Next: 10%
Magic:  5/5        EV: 12    Int: 10    God:
Gold:   135        SH:  0    Dex: 14    Spells: 4/4 levels left

rFire    . . .     SeeInvis .     - Unarmed
rCold    . . .     Faith    .   (no shield)
rNeg     . . .     Spirit   .   a - +0 leather armour
rPois    .         Reflect  .   b - +0 helmet
rElec    .         Harm     .   (no cloak)
rCorr    .         Rampage  .   (no gloves)
Will     .....                  (no boots)
Stlth    +.........             (no amulet)
HPRegen  0.13/turn              (no ring)
MPRegen  0.09/turn              (no ring)

@: lethally poisoned (-6 -> -35), flying, slowed, very slow
A: claws 2, powered by pain 1
a: no special abilities


You were on level 3 of the Dungeon.
You visited 1 branch of the dungeon, and saw 3 of its levels.

You collected 135 gold pieces.

Inventory:

Missiles
 c - 3 throwing nets (quivered)
Armour
 a - a +0 leather armour (worn)
 b - a +0 helmet (worn)
Jewellery
 h - a ring of flight
 l - a ring of positive energy
Scrolls
 d - a scroll of vulnerability {unknown}
 f - 2 scrolls of identify {unknown}
 g - a scroll of fear {unknown}
 i - 2 scrolls of blinking {unknown}
 j - a scroll of amnesia {unknown}
 k - a scroll of teleportation {unknown}


   Skills:
 + Level 3.2 Fighting
 + Level 2.8 Throwing
 - Level 2.6 Dodging
 * Level 4.2 Unarmed Combat


You had 4 spell levels left.
You didn't know any spells.
Your spell library contained the following spells:

 Spells                   Type           Power      Damage    Failure   Level
 Confusing Touch          Hex            0%         N/A       80%         3
 Gell's Gravitas          Tloc           0%         N/A       80%         3
 Petrify                  Tmut/Erth      0%         N/A       99%         4
 Metabolic Englaciation   Hex/Ice        0%         N/A       100%        5
 Yara's Violent Unravell  Hex/Tmut       0%         3d3       100%        5


Dungeon Overview and Level Annotations

Branches:
Dungeon (3/15)

Altars:
Xom

Annotations:
D:2 1 runed translucent door, Crazy Yiuf


Innate Abilities, Weirdness & Mutations

You have very sharp fingernails.
You sometimes gain a little power by taking damage.


Message History

It was a potion of flight.
You feel very buoyant.
You fly up into the air.
You feel sick. The adder bites you.
You closely miss the adder.
You feel sick. The adder barely misses you. x2
You miss the adder.
You feel sick. The adder bites you.
You are more poisoned.
The adder poisons you!
You scratch the adder.
The adder is moderately wounded.
You feel sick. The adder barely misses you.
You closely miss the adder.
The adder is moderately wounded.
You feel sick. The adder bites you but does no damage.
You miss the adder.
The adder is moderately wounded.
You feel sick. The adder closely misses you.
You miss the adder.
The adder is moderately wounded.
You feel sick. The adder bites you but does no damage.
The adder closely misses you.
You claw the adder!
You kill the adder!
You feel sick.
The kobold brigand throws a curare-tipped dart.
The curare-tipped dart hits you.
You are lethally poisoned!
You have difficulty breathing.
* * * LOW HITPOINT WARNING * * *
You feel yourself slow down.
You aren't carrying any potions.
Okay, then.
You claw the hobgoblin!
You kill the hobgoblin!
* * * LOW HITPOINT WARNING * * *
You feel extremely sick.
The kobold brigand throws a curare-tipped dart.
The curare-tipped dart hits you.
You are more poisoned.
You have difficulty breathing.
You die...

#######.###...#
...............
.######.†.#.... ###.#....
#####+# #.#.... #......
#.#.... #......
####.#....
#......#########....#....
#.....K$@......#.####....
#......#######.#.#
#...... #.....# #......
##.#.### #...... #..#.###
#!..... #..#...# #......
#.####'###### #######
#...†.......#
###..........#


You could see a kobold brigand.

Vanquished Creatures
  4 adders
  4 gnolls
  A worm (D:2)
  3 dart slugs
  2 orcs (D:3)
  7 ball pythons
  7 endoplasms
  2 giant cockroaches
  6 goblins
  3 hobgoblins
  4 jackals (D:1)
  4 kobolds (D:1)
  4 quokkas
  5 bats
  2 frilled lizards
  4 rats
62 creatures vanquished.

Notes
Turn   | Place    | Note
-------+----------+-------------------------------------------
     0 | D:1      | Alarkh the Demonspawn Gladiator began the quest for the
                  | Orb.
     0 | D:1      | Reached XP level 1. HP: 16/16 MP: 1/1
    94 | D:1      | Reached skill level 3 in Unarmed Combat
    94 | D:1      | Gained mutation: You have sharp fingernails. [demonic
                  | ancestry]
    94 | D:1      | Reached XP level 2. HP: 20/22 MP: 2/2
   577 | D:1      | Gained mutation: You sometimes gain a little power by
                  | taking damage. [demonic ancestry]
   577 | D:1      | Reached XP level 3. HP: 23/28 MP: 3/3
   682 | D:1      | Found a faded altar of an unknown god.
   843 | D:2      | Found a runed translucent door.
   844 | D:2      | Noticed Crazy Yiuf
   871 | D:2      | Found a shimmering altar of Xom.
  1233 | D:1      | Reached XP level 4. HP: 27/34 MP: 4/4
  1253 | D:1      | HP: 1/34 [gnoll/+0 flail (8)]
  1839 | D:3      | Reached skill level 4 in Unarmed Combat
  2182 | D:3      | Gained mutation: You have very sharp fingernails. [demonic
                  | ancestry]
  2182 | D:3      | Reached XP level 5. HP: 39/41 MP: 5/5
  2280 | D:3      | HP: 1/41 [poisoned by kobold brigand (curare-tipped dart)]
  2280 | D:3      | Asphyxiated

Illustrated notes

Levels and vault maps discovered:
D:1:      evilmike_arrival_plus, layout_basic, chequers_ecumenical_altar_island,
          minmay_tripent
D:2:      layout_basic, basic_altar, uniq_crazy_yiuf_cottage
D:3:      layout_basic

Skill      XL: |  1  2  3  4 |
---------------+-------------+-----
Throwing       | 2 |  2.8
Unarmed Combat | 3 4 |  4.2
Fighting       | 3 |  3.2
Dodging        | |  2.6

Action                   |  1- 3 |  4- 6 || total
-------------------------+-------+-------++-------
Melee: Unarmed           |   136 |    94 ||   230
       Punch             |     3 |     1 ||     4
  Use: Potion            |       |     3 ||     3
 Stab: Sleeping          |       |     1 ||     1
Armor: Leather armour    |    36 |    17 ||    53
Dodge: Dodged            |    93 |    55 ||   148

Table legend: (Time is in decaauts)
 A = Elapsed time spent in this place.
 B = Non-inter-level travel time spent in this place.
 C = Inter-level travel time spent in this place.
 D = Time resting spent in this place.
 E = Time spent auto-exploring this place.
 F = Levels seen in this place.
 G = Mean time per level.
                   A        B        C        D        E       F      G
               +--------+--------+--------+--------+--------+-----+--------+
         Total |   2270 |   2203 |     67 |    296 |   1474 |   3 |  756.7 |
       Dungeon |   2270 |   2203 |     67 |    296 |   1474 |   3 |  756.7 |
               +--------+--------+--------+--------+--------+-----+--------+

Top non-repeatable levels by time:
     D:1: 1127 daAuts
     D:2: 701 daAuts
     D:3: 441 daAuts
